 Dungeon Crawl Stone Soup version 0.27.1-1-g398f81649c (webtiles) character file.

Game seed: 16323871633381629755

167 speeev33 the Skirmisher (level 5, -1/47 HPs)
             Began as a Hill Orc Fighter on Sept 17, 2021.
             Slain by an adder (2 damage)
             ... on level 3 of the Dungeon.
             The game lasted 00:04:30 (3517 turns).

speeev33 the Skirmisher (Hill Orc Fighter)          Turns: 3517, Time: 00:04:32

Health: -1/47      AC:  9    Str: 18    XL:     5   Next: 48%
Magic:  5/5        EV:  5    Int:  8    God:
Gold:   130        SH:  9    Dex: 10    Spells: 4/4 levels left

rFire    . . .     SeeInvis .   a - +0 war axe
rCold    . . .     Faith    .   c - +0 kite shield
rNeg     . . .     Spirit   .   f - +0 chain mail
rPois    .         Reflect  .   (no helmet)
rElec    .         Harm     .   (no cloak)
rCorr    .         Rampage  .   (no gloves)
Will     .....                  (no boots)
Stlth    ..........             (no amulet)
HPRegen  0.15/turn              (no ring)
MPRegen  0.09/turn              (no ring)

@: no status effects
A: weak 1, no potion heal 1, noise suppression
a: no special abilities


You were on level 3 of the Dungeon.
You visited 1 branch of the dungeon, and saw 4 of its levels.

You collected 130 gold pieces.

Inventory:

Hand Weapons
 a - a +0 war axe (weapon)
Armour
 c - a +0 kite shield (worn)
 f - a +0 chain mail (worn)
Scrolls
 e - a scroll of vulnerability
 g - a scroll of silence
Potions
 h - a potion of haste


   Skills:
 + Level 4.7 Fighting
 + Level 4.3 Axes
 + Level 4.3 Armour
 + Level 4.3 Shields


You had 4 spell levels left.
You didn't know any spells.
Your spell library contained the following spells:

 Spells                   Type           Power      Damage    Failure   Level
 Corpse Rot               Necr/Air       N/A        N/A       100%        2
 Poisonous Vapours        Pois/Air       0%         N/A       100%        2
 Freezing Cloud           Conj/Ice/Air   0%         6-21      100%        5


Dungeon Overview and Level Annotations

Branches:
Dungeon (4/15)             Temple (0/1) D:4

Altars:

Annotations:
D:4 Dowan, Duvessa


Innate Abilities, Weirdness & Mutations

You are weak. (Str -2)
Potions are less effective at restoring your health.
You passively dampen the noise of your surroundings.


Message History

Your shield and chain mail prevent you from hitting the adder.
The adder is severely wounded.
The adder bites you.
* * * LOW HITPOINT WARNING * * *
You are poisoned.
The adder poisons you! The adder completely misses you.
You miss the adder.
The adder is severely wounded.
You feel sick. The adder bites you.
* * * LOW HITPOINT WARNING * * *
You are more poisoned.
The adder poisons you! The adder bites you but does no damage.
You closely miss the adder.
The adder is heavily wounded.
* * * LOW HITPOINT WARNING * * *
You feel sick. The adder bites you but does no damage. The adder bites you.
* * * LOW HITPOINT WARNING * * *
You barely miss the adder.
The adder is heavily wounded.
* * * LOW HITPOINT WARNING * * *
You feel sick.
The adder bites you but does no damage. x2
Really quaff the potion of mutation?
You feel extremely strange.
You feel weaker.
Your system partially rejects the healing effects of potions.
You feel your surroundings grow quieter.
* * * LOW HITPOINT WARNING * * *
You feel sick. The adder bites you but does no damage.
The adder barely misses you.
You hit the adder.
The adder is severely wounded.
* * * LOW HITPOINT WARNING * * *
You feel sick. The adder barely misses you.
You barely miss the adder.
The adder is severely wounded.
* * * LOW HITPOINT WARNING * * *
You feel sick.
You are no longer poisoned.
The adder bites you.
You die...

##### ....# ....# ....#
....# ....# .##.##
.##..#############
.+...)........SS@#
.###..######.##### .# #...#
#.# .# ##..# #.# .# #..# #.#
### .# #..# #.# #.# ##
##.#####.############.##
#.#...#[..............#
######...#.#.############.##


You could see 2 adders.

Vanquished Creatures
  An orc priest (D:3)
  Robin (D:2)
  4 gnolls
  An adder (D:2)
  3 dart slugs
  5 orcs
  2 ball pythons (D:1)
  3 endoplasms
  A giant cockroach (D:3)
  10 goblins
  7 hobgoblins
  7 jackals
  7 quokkas
  3 bats
  4 frilled lizards
  2 kobolds
  3 rats
64 creatures vanquished.

Notes
Turn   | Place    | Note
-------+----------+-------------------------------------------
     0 | D:1      | speeev33 the Hill Orc Fighter began the quest for the Orb.
     0 | D:1      | Reached XP level 1. HP: 19/19 MP: 1/1
   251 | D:1      | Reached XP level 2. HP: 23/27 MP: 2/2
   534 | D:1      | Reached XP level 3. HP: 24/33 MP: 3/3
  1807 | D:2      | Noticed Robin
  1814 | D:2      | Reached XP level 4. HP: 35/40 MP: 4/4
  1817 | D:2      | Killed Robin
  2321 | D:3      | Found a faded altar of an unknown god.
  2363 | D:3      | Reached XP level 5. HP: 11/47 MP: 5/5
  3402 | D:4      | Noticed Duvessa
  3402 | D:4      | Noticed Dowan
  3486 | D:4      | Found a staircase to the Ecumenical Temple.
  3515 | D:3      | Gained mutation: You are weak. (Str -2) [potion of
                  | mutation]
  3515 | D:3      | Gained mutation: Potions are less effective at restoring
                  | your health. [potion of mutation]
  3515 | D:3      | Gained mutation: You passively dampen the noise of your
                  | surroundings. [potion of mutation]
  3515 | D:3      | HP: 2/47 [poisoned by an adder]
  3517 | D:3      | Slain by an adder

Illustrated notes

Levels and vault maps discovered:
D:1:      lightli_arrival_farm, layout_basic, minmay_misc_feat_tower,
          palyth_stone_intersect
D:2:      layout_basic, uniq_robin
D:3:      layout_basic, ebering_ecumenical_altar_abandoned,
          hangedman_decor_slide_cut, kennysheep_generic_room_9
D:4:      layout_rooms, minmay_temple_entry_waves, kennysheep_generic_room_11,
          uniq_duvessa, uniq_ijyb, uniq_pikel

Skill      XL: |  1  2  3  4 |
---------------+-------------+-----
Axes           | 3 4 |  4.3
Fighting       | 4 |  4.7
Armour         | 4 |  4.3
Shields        | 4 |  4.3

Action                   |  1- 3 |  4- 6 || total
-------------------------+-------+-------++-------
Melee: War axe           |    79 |    90 ||   169
  Use: Scroll            |     3 |     2 ||     5
       Potion            |       |     2 ||     2
Armor: Scale mail        |    14 |       ||    14
       Chain mail        |    22 |    59 ||    81
Dodge: Dodged            |    24 |    26 ||    50
Block: Kite shield       |    65 |    49 ||   114
